 Dungeon Crawl Stone Soup version 0.22-a0-282-gdd34a7d (webtiles) character file.

5641 tilp the Frost Mage (level 10, 0/127 HPs)
             Began as a Merfolk Ice Elementalist on Mar 17, 2018.
             Was a Believer of Makhleb.
             Slain by a red ugly thing (15 damage)
             ... on level 10 of the Dungeon.
             The game lasted 00:51:49 (14046 turns).

tilp the Frost Mage (Merfolk Ice Elementalist)     Turns: 14046, Time: 00:51:50

Health: 0/127      AC: 25    Str:  8    XL:     10   Next: 74%
Magic:  4/16       EV:  2    Int: 18    God:    Makhleb [**....]
Gold:   489        SH:  5    Dex: 15    Spells: 6/17 levels left

rFire    . . .     SeeInvis .   e - +7 scimitar of True Grit {drain, rElec}
rCold    . . .     Gourm    .   K - +0 buckler
rNeg     + + +     Faith    .   (armour currently unavailable)
rPois    +         Spirit   .   (helmet currently unavailable)
rElec    +         Reflect  .   (cloak currently unavailable)
rCorr    .         Harm     .   (gloves currently unavailable)
MR       +....     NoTele   +   (boots currently unavailable)
Stlth    ++++......             t - amulet of rage
HPRegen  0.31/turn              d - ring of protection from magic
MPRegen  0.15/turn              k - ring of stealth

@: tree-form
A: (change form in water), (swift swim), (stealthy swim)
a: Minor Destruction, Renounce Religion, Evoke Berserk Rage


You were on level 10 of the Dungeon.
You worshipped Makhleb.
Makhleb was pleased with you.
You were not hungry.
You were a tree.
You visited 1 branch of the dungeon, and saw 10 of its levels.

You collected 577 gold pieces.
You spent 88 gold pieces at shops.

Inventory:

Hand Weapons
 e - the +7 scimitar of True Grit (weapon) {drain, rElec}
   (You found it on level 7 of the Dungeon)

   A truly terrible weapon, it drains the life of those it strikes.
   It insulates you from electricity.
 h - a +0 dagger
 L - a +0 trident
Missiles
 B - 3 javelins (quivered)
 G - 2 tomahawks
Armour
 a - a +0 robe (melded)
 q - a +1 pair of gloves of dexterity (melded)
 r - a cursed +0 helmet (melded)
 K - a +0 buckler (worn)
 M - the +1 ring mail "Ygoyk" {rElec MR- Str+4, unknown}
   (You found it on level 9 of the Dungeon)

   It affects your strength (+4).
   It insulates you from electricity.
   It affects your resistance to hostile enchantments.
 R - the +4 leather armour of Gavulecs {Dex+2, unknown}
   (You found it on level 10 of the Dungeon)

   It affects your dexterity (+2).
 S - the cursed +1 ring mail "Palef" {rN+++ MR- rCorr Int+4, unknown}
   (You found it on level 10 of the Dungeon)

   It affects your intelligence (+4).
   It renders you almost immune to negative energy.
   It affects your resistance to hostile enchantments.
   It protects you from acid and corrosion.
   It has a curse placed upon it.
Jewellery
 d - a ring of protection from magic (left branch)
 g - an uncursed amulet of regeneration {unknown}
 k - a ring of stealth (right branch)
 t - an amulet of rage (around neck)
 v - a +3 ring of dexterity
Wands
 A - a wand of enslavement (24)
 D - a wand of paralysis (2)
 I - a wand of scattershot (6)
 O - a wand of flame (34)
Scrolls
 i - 2 scrolls of magic mapping
 m - 7 scrolls of remove curse
 n - a scroll of brand weapon {unknown}
 o - 5 scrolls of teleportation
 s - 2 scrolls of fog {unknown}
 y - a scroll of blinking {unknown}
 E - 3 scrolls of enchant weapon {unknown}
 F - 2 scrolls of fear {unknown}
 H - a scroll of enchant armour {unknown}
 P - a scroll of amnesia {unknown}
 Q - a scroll of torment {unknown}
Potions
 f - a potion of agility {unknown}
 j - a potion of magic {unknown}
 l - 4 potions of flight
 p - 2 potions of haste
 u - a potion of brilliance
 x - a potion of berserk rage {unknown}
 z - 2 potions of curing
 C - 3 potions of cancellation {unknown}
 J - a potion of ambrosia {unknown}
 N - a potion of might
Comestibles
 c - 15 rations


   Skills:
 + Level 9.9 Fighting
 - Level 6.3 Dodging
 - Level 4.4 Stealth
 - Level 4.1 Shields
 - Level 4.0 Spellcasting
 - Level 2.0 Conjurations
 - Level 4.2 Charms
 - Level 10.1 Ice Magic


You had 6 spell levels left.
You knew the following spells:

 Your Spells              Type           Power        Failure   Level  Hunger
a - Freeze                Ice            ####         1%          1    None
b - Throw Frost           Conj/Ice       ####..       1%          2    ##.....
c - Ozocubu's Armour      Chrm/Ice       ####....     2%          3    ###....
d - Beastly Appendage     Tmut           #.....       14%         1    None
e - Throw Icicle          Conj/Ice       ####....     12%         4    ####...


Dungeon Overview and Level Annotations

Branches:
Dungeon (10/15)            Temple (0/1) D:7            Lair (0/6) D:8
    Orc (0/2) D:10

Altars:
Dithmenos
Elyvilon
Hepliaklqana
Kikubaaqudgha
Makhleb
Nemelex Xobeh
Okawaru
Qazlal
Ru
Sif Muna
Trog
Yredelemnul
Zin

Shops:
D:7 %   D:9 !

Annotations:
D:3 1 runed door, Terence
D:4 exclusion: phantom
D:5 Prince Ribbit
D:7 Menkaure
D:8 2 death yaks roaming
D:10 exclusion: 2 doors


Message History

The red ugly thing is heavily wounded.
The red ugly thing engulfs you.
You are engulfed in flames!!
* * * LOW HITPOINT WARNING * * *
Your magical contamination has completely faded away.
You turn into a tree.
Your cursed +0 helmet melds into your body.
Your +1 pair of gloves of dexterity melds into your body.
Your +0 robe melds into your body.
You feel clumsy.
Your roots penetrate the ground.
The red ugly thing engulfs you but does no damage.
You slash the red ugly thing!
The red ugly thing is heavily wounded.
The red ugly thing engulfs you but does no damage.
You hit the red ugly thing.
The red ugly thing is heavily wounded.
The red ugly thing engulfs you.
* * * LOW HITPOINT WARNING * * *
You are engulfed in flames!
You die...

#####'##### # #...###
# ###...# # ###.#
#######'###
#.........# ##########
+.#######.###.........
#...#...#.'.#.........
#.#.#.#.#.#.'♣u.......
#.#...#...###.......$.
#####'##### #.........
#.# #......... ###.#
########'# #...# #[#
#.### .. #####.####
#[### #.......)#
###......


You could see a red ugly thing.

Vanquished Creatures
  A two-headed ogre (D:8)
  A spriggan (D:7)
  A vampire (D:9)
  A wyvern (D:9)
  5 yaks
  A hungry ghost (D:8)
  A water moccasin (D:8)
  2 orc warriors
  2 ice beasts
  A black bear (D:8)
  5 sky beasts
  An eye of draining (D:9)
  3 ogres
  4 centaurs
  3 bullfrogs
  A wyvern zombie (D:10)
  A scorpion (D:6)
  A water moccasin skeleton (D:8)
  3 killer bees (D:9)
  3 howler monkeys
  7 crimson imps
  2 bullfrog zombies
  A quasit (D:5)
  4 hounds
  2 jellies
  4 orc priests
  3 bullfrog skeletons
  2 iguanas
  2 worker ants (D:8)
  8 orc wizards
  A killer bee zombie (D:6)
  2 howler monkey zombies
  4 gnolls (D:9)
  9 adders
  2 shadow imps (D:5)
  An ooze (D:1)
  2 adder skeletons
  2 worms (D:4)
  2 dart slugs (D:1)
  2 leopard geckos
  29 orcs
  2 ball pythons (D:3)
  3 giant cockroaches
  12 goblins
  8 hobgoblins
  14 jackals
  4 kobolds (D:1)
  3 quokkas
  6 bats
  4 frilled lizards
  2 gnoll zombies (D:7)
  6 rats
  A plant (D:5)
197 creatures vanquished.

Vanquished Creatures (collateral kills)
  A scorpion (D:4)
1 creature vanquished.

Vanquished Creatures (others)
  An ogre (D:4)
  An orc wizard (D:4)
  An orc (D:6)
  A quokka (D:6)
4 creatures vanquished.

Grand Total: 202 creatures vanquished

Notes
Turn   | Place    | Note
-------+----------+-------------------------------------------
     0 | D:1      | tilp the Merfolk Ice Elementalist began the quest for the Orb.
     0 | D:1      | Reached XP level 1. HP: 13/13 MP: 3/3
   363 | D:1      | Reached XP level 2. HP: 16/19 MP: 1/5
   447 | D:1      | Reached skill level 4 in Ice Magic
   954 | D:1      | Reached XP level 3. HP: 14/24 MP: 4/6
  1091 | D:1      | Learned a level 2 spell: Throw Frost
  1095 | D:1      | Learned a level 3 spell: Ozocubu's Armour
  1604 | D:2      | Reached skill level 5 in Ice Magic
  1669 | D:2      | Found a sparkling altar of Nemelex Xobeh.
  2005 | D:2      | Reached XP level 4. HP: 30/30 MP: 0/7
  2210 | D:2      | Learned a level 1 spell: Beastly Appendage
  2618 | D:3      | Found an ancient bone altar of Kikubaaqudgha.
  2674 | D:3      | Noticed Terence
  2948 | D:3      | Found a runed door.
  3049 | D:3      | Reached skill level 6 in Ice Magic
  3111 | D:3      | Reached XP level 5. HP: 29/35 MP: 2/8
  3898 | D:4      | Found a shadowy altar of Dithmenos.
  3898 | D:4      | Noticed a phantom
  3950 | D:4      | Noticed an ogre
  4024 | D:4      | Found a burning altar of Makhleb.
  4035 | D:4      | Became a worshipper of Makhleb the Destroyer
  4424 | D:4      | Found a stormy altar of Qazlal.
  4555 | D:4      | Reached skill level 7 in Ice Magic
  4571 | D:4      | Reached skill level 1 in Fighting
  4571 | D:4      | Reached XP level 6. HP: 27/43 MP: 1/9
  5018 | D:5      | Entered Level 5 of the Dungeon
  5969 | D:5      | Noticed Prince Ribbit
  6049 | D:4      | Reached XP level 7. HP: 52/54 MP: 5/10
  6291 | D:5      | Found a bloodstained altar of Trog.
  6295 | D:5      | Found an iron altar of Okawaru.
  6302 | D:5      | Found a sacrificial altar of Ru.
  6508 | D:5      | Reached skill level 5 in Dodging
  7750 | D:6      | Reached XP level 8. HP: 46/60 MP: 3/11
  7884 | D:6      | Reached * piety under Makhleb
  7884 | D:6      | Reached skill level 1 in Conjurations
  8658 | D:6      | Found a white marble altar of Elyvilon.
  8811 | D:6      | Reached skill level 1 in Shields
  9083 | D:7      | Found a staircase to the Ecumenical Temple.
  9128 | D:7      | Got a crystal scimitar
  9129 | D:7      | Identified the +7 scimitar of True Grit {drain, rElec} (You found it on level 7 of the Dungeon)
  9155 | D:7      | Found a basalt altar of Yredelemnul.
  9199 | D:7      | Noticed Menkaure
  9239 | D:7      | Noticed a spriggan baker
  9250 | D:7      | Killed a spriggan baker
  9256 | D:7      | Reached skill level 1 in Charms
  9334 | D:7      | Found a glowing silver altar of Zin.
  9361 | D:7      | Found a hazy altar of Hepliaklqana.
  9452 | D:7      | Found Dunyem's Food Shop.
  9893 | D:7      | Reached XP level 9. HP: 65/65 MP: 9/12
  9995 | D:8      | Noticed a two-headed ogre
 10644 | D:8      | Found a deep blue altar of Sif Muna.
 10935 | D:8      | Noticed a death yak
 10936 | D:8      | Noticed a death yak
 11054 | D:8      | Killed a two-headed ogre
 11054 | D:8      | Reached skill level 9 in Ice Magic
 11194 | D:8      | Noticed a death yak
 11221 | D:8      | Reached skill level 10 in Ice Magic
 11391 | D:8      | Reached skill level 5 in Fighting
 11391 | D:8      | Reached XP level 10. HP: 65/74 MP: 10/16
 11440 | D:8      | Found a staircase to the Lair.
 11467 | D:8      | Learned a level 4 spell: Throw Icicle
 11670 | D:9      | Got a bronze ring mail
 11692 | D:9      | Noticed a five-headed hydra
 12497 | D:9      | Found Leroleog's Distillery.
 12505 | D:9      | Bought a potion of brilliance for 44 gold pieces
 12505 | D:9      | Bought a potion of might for 44 gold pieces
 12672 | D:9      | Reached ** piety under Makhleb
 13127 | D:9      | HP: 3/80 [five-headed hydra (12)]
 13610 | D:10     | Entered Level 10 of the Dungeon
 13836 | D:10     | Found a staircase to the Orcish Mines.
 13961 | D:10     | Got an ichor-stained leather armour
 13966 | D:10     | Got a dazzling ring mail
 13969 | D:10     | Noticed a cyclops
 14008 | D:10     | Noticed a red ugly thing
 14046 | D:10     | Slain by a red ugly thing

Vault maps used:
D:1:      saegor_arrival_under_anarchy
D:2:      nemelex_xobeh_ov_fountains_minmay
D:3:      kiku_gazebo_garden_becter, uniq_crazy_yiuf_cottage, uniq_sigmund,
          uniq_terence
D:4:      grunt_dithmenos_shadows, lemuel_round_altar, grunt_qazlal_sundering
D:5:      gammafunk_temple_overflow_forgotten, first_ration, uniq_prince_ribbit1
D:6:      elyvilon_altar_4
D:7:      kennysheep_mini_moat, lemuel_doored_altar,
          lemuel_zombie_altar_yredelemnul, temple_green, serial_shops,
          kennysheep_mini, kennysheep_nub, the_bakery, uniq_menkaure
D:8:      nicolae_overflow_hidden_temple, dpeg_lair_monsters
D:9:      serial_shops, nicolae_shop_stone
D:10:     orc_0_dummy, lightli_wizard_tower

Skill      XL: |  1  2  3  4  5  6  7  8  9 10 |
---------------+-------------------------------+-----
Ice Magic      | 4 5 6 7 10 | 10.1
Fighting       | 1 4 5 9 |  9.9
Dodging        | 6 |  6.3
Stealth        | 4 |  4.4
Conjurations   | 2 |  2.0
Shields        | 4 |  4.1
Charms         | 4 |  4.2
Spellcasting   | 4 |  4.0

Action                   |  1- 3 |  4- 6 |  7- 9 | 10-12 || total
-------------------------+-------+-------+-------+-------++-------
Melee: Dagger            |    12 |   103 |   175 |       ||   290
       Headbutt          |       |     3 |       |       ||     3
       Scimitar          |       |       |    95 |   132 ||   227
Throw: Stone             |    36 |    14 |       |       ||    50
       Javelin           |       |    11 |    12 |     1 ||    24
 Cast: Freeze            |    47 |    92 |    74 |    23 ||   236
       Throw Frost       |     7 |     5 |    17 |     9 ||    38
       Ozocubu's Armour  |     2 |    23 |    33 |    14 ||    72
       Beastly Appendage |       |     7 |       |       ||     7
 Abil: Evoke Berserk Rag |       |       |     1 |       ||     1
Evoke: Wand              |       |     7 |     5 |       ||    12
  Use: Scroll            |       |     8 |     5 |     1 ||    14
       Potion            |       |     1 |       |     7 ||     8
 Stab: Sleeping          |       |     1 |     5 |     4 ||    10
       Paralysed         |       |     3 |     5 |       ||     8
  Eat: Chunk             |     5 |    15 |    13 |    10 ||    43
       Ration            |       |     1 |     4 |       ||     5
Armor: Robe              |     5 |    59 |    76 |    38 ||   178
       Skin              |       |       |       |     5 ||     5
Dodge: Dodged            |    23 |    95 |   222 |   143 ||   483
Block: Buckler           |       |       |     7 |    44 ||    51
       Rpst.: Scimitar   |       |       |    17 |    53 ||    70

Table legend:
 A = Spawn XP
 B = Non-spawn XP
 C = Spawn XP percentage of total XP
 D = Spawn monster count
 E = Non-spawn monster count
 F = Spawn count percentage of total count
 G = Total turns spent on level
                    A         B        C        D         E        F      G
               +---------+---------+-------+---------+---------+-------+---------
         Total |       0 |    8059 |   0.0 |       0 |     198 |   0.0 | 14046
               +---------+---------+-------+---------+---------+-------+---------
           D:1 |       0 |      51 |   0.0 |       0 |      24 |   0.0 |  1378
           D:2 |       0 |      60 |   0.0 |       0 |      21 |   0.0 |  1476
           D:3 |       0 |     126 |   0.0 |       0 |      17 |   0.0 |   985
           D:4 |       0 |     224 |   0.0 |       0 |      14 |   0.0 |  1621
           D:5 |       0 |     477 |   0.0 |       0 |      22 |   0.0 |  2154
           D:6 |       0 |     636 |   0.0 |       0 |      24 |   0.0 |  1361
           D:7 |       0 |     913 |   0.0 |       0 |      14 |   0.0 |  1121
           D:8 |       0 |    2393 |   0.0 |       0 |      21 |   0.0 |  2058
           D:9 |       0 |    1670 |   0.0 |       0 |      28 |   0.0 |  1456
          D:10 |       0 |    1509 |   0.0 |       0 |      13 |   0.0 |   436
               +---------+---------+-------+---------+---------+-------+---------
